 Seeded DCSS version 0.28.0-47-ge53b351184 (webtiles) character file.

Game seed: 10077074884737061911 (custom seed)

198824 AlmostDecent the Slayer (level 19, -3/144 (180) HPs)
             Began as a Formicid Fighter on Apr 27, 2022.
             Was the Champion of Makhleb.
             Killed from afar by a halazid warlock (11 damage)
             ... with a bolt of cold
             ... in a wizard's laboratory.
             The game lasted 01:20:29 (27622 turns).

AlmostDecent the Slayer (Formicid Fighter)         Turns: 27622, Time: 01:20:29

HP:   -3/144 (180)  AC: 34    Str: 24    XL:     19   Next: 62%
MP:   20/20         EV: 11    Int: 13    God:    Makhleb [******]
Gold: 1519          SH:  6    Dex: 14    Spells: 18/18 levels left

rFire   + . .      SeeInvis +   g - +8 mithril axe "Arga" {speed, Will+}
rCold   + . .      Faith    .   c - +0 buckler
rNeg    . . .      Spirit   .   a - +13 shadow dragon scales "Wuqiotty" {+Inv Int+4 Stlth++++}
rPois   .          Reflect  .   (helmet unavailable)
rElec   .          Harm     .   G - scarf {rC+ rF+}
rCorr   +          Rampage  ∞   j - +0 pair of gloves
Will    +....                   v - +3 pair of seven-league boots {Rampage+∞}
Stlth   ++++++....              P - amulet of regeneration
HPRegen 1.14/turn               w - ring of resist corrosion
MPRegen 0.17/turn               i - ring of flight

@: mighty, weak-willed, flying, studying 2 skills, heavily drained
A: permanent stasis, dig shafts and tunnels, antennae 3, four strong arms
a: Dig, Renounce Religion, Evoke Invisibility, Minor Destruction, Lesser Servant
of Makhleb, Major Destruction, Greater Servant of Makhleb


You were in a wizard's laboratory.
You worshipped Makhleb.
Makhleb was exalted by your worship.
You visited 4 branches of the dungeon, and saw 26 of its levels.
You also visited: Wizlab.

You collected 2489 gold pieces.
You spent 970 gold pieces at shops.

Inventory:

Hand Weapons
 g - the +8 mithril axe "Arga" (weapon) {speed, Will+}
   (You acquired it on level 9 of the Dungeon)

   Attacks with this weapon are significantly faster.
   Will:      It increases your willpower.
 A - a +5 morningstar of freezing
 B - the +9 executioner's axe of Grandeur {pain, Dex+5}
   (You acquired it on level 7 of the Dungeon)

   In the hands of one skilled in necromantic magic, it inflicts extra damage on
   living creatures.
   Dex:       It affects your dexterity (+5).
 S - a +8 battleaxe of freezing
Missiles
 d - 3 throwing nets
Armour
 a - the +13 shadow dragon scales "Wuqiotty" (worn) {+Inv Int+4 Stlth++++}
   (You acquired it on level 5 of the Lair of Beasts)

   Int:       It affects your intelligence (+4).
   +Inv:      It lets you turn invisible.
   Stlth:     It makes you much more stealthy.
 c - a +0 buckler (worn)
 j - a +0 pair of gloves (worn)
 o - the +7 Kryia's mail coat {PotionHeal*2 rC+}
   (You found it on level 2 of the Dungeon)

   Potions are twice as effective at healing its wearer.
   rC:        It protects you from cold.
 s - a +2 cloak
 v - the +3 pair of seven-league boots (worn) {Rampage+∞}
   (You acquired it on level 5 of the Dungeon)

   Its wearer moves as far as possible in that direction when moving towards
   enemies.
 G - a scarf of resistance (worn)
Jewellery
 e - a ring of magical power
 i - a ring of flight (right hand)
 w - a ring of resist corrosion (left hand)
 F - an amulet of faith
 P - an amulet of regeneration (around neck)
 R - a ring of wizardry
 U - a +6 ring of intelligence
 V - an amulet of guardian spirit
Wands
 n - a wand of digging (5)
 p - a wand of polymorph (14)
 r - a wand of paralysis (14)
 u - a wand of flame (57)
 y - a wand of acid (19)
 C - a wand of iceblast (18)
 N - a wand of charming (19)
Scrolls
 b - a scroll of fear
 f - 4 scrolls of magic mapping
 m - 3 scrolls of identify
 q - 7 scrolls of enchant armour
 t - 3 scrolls of fog
 H - 6 scrolls of immolation
 K - 2 scrolls of holy word
 M - 4 scrolls of amnesia
 W - a scroll of vulnerability
Potions
 h - 3 potions of brilliance
 k - 4 potions of attraction
 x - 7 potions of curing
 L - 6 potions of mutation
 X - a potion of resistance


   Skills:
 * Level 24.0 Fighting
 - Level 18.1(18.4) Axes
 + Level 5.9(13.2) Maces & Flails
 + Level 12.0 Armour
 + Level 6.8 Dodging
 * Level 11.0 Stealth
 + Level 8.8 Shields
 - Level 6.4 Necromancy
 + Level 2.5 Invocations


You had 18 spell levels left.
You didn't know any spells.
Your spell library contained the following spells:

 Spells                   Type           Power      Damage    Failure   Level
 Sublimation of Blood     Necr           16%        N/A       19%         2
 Vampiric Draining        Necr           16%        2d7       36%         3
 Slow                     Hex            0%         N/A       87%         1
 Sting                    Tmut/Pois      0%         1d3       87%         1
 Poisonous Vapours        Pois/Air       0%         N/A       95%         2
 Confusing Touch          Hex            0%         N/A       99%         3
 Conjure Flame            Conj/Fire      0%         6-21      99%         3
 Dazzling Flash           Conj/Hex       0%         N/A       99%         3
 Frozen Ramparts          Ice            0%         1d2       99%         3
 Ignite Poison            Fire/Tmut/Pois 0%         N/A       99%         3
 Tukima's Dance           Hex            0%         N/A       99%         3
 Airstrike                Air            0%         N/A       100%        4
 Animate Armour           Summ/Erth      0%         N/A       100%        4
 Ice Form                 Ice/Tmut       0%         N/A       100%        4
 Iskenderun's Mystic Bla  Conj/Tloc      0%         2d3       100%        4
 Olgreb's Toxic Radiance  Pois           0%         N/A       100%        4
 Passage of Golubria      Tloc           0%         N/A       100%        4
 Petrify                  Tmut/Erth      0%         N/A       100%        4
 Sticky Flame             Conj/Fire      0%         2d3       100%        4
 Summon Ice Beast         Ice/Summ       0%         N/A       100%        4
 Summon Lightning Spire   Summ/Air       0%         N/A       100%        4
 Blade Hands              Tmut           0%         N/A       100%        5
 Irradiate                Conj/Tmut      0%         3d13      100%        5
 Iskenderun's Battlesphe  Conj           0%         2d6       100%        5
 Lightning Bolt           Conj/Air       0%         1d11      100%        5
 Yara's Violent Unravell  Hex/Tmut       0%         3d3       100%        5
 Iron Shot                Conj/Erth      0%         9d1       100%        6
 Starburst                Conj/Fire      0%         6d3       100%        6
 Spellforged Servitor     Conj/Summ      0%         N/A       100%        7


Dungeon Overview and Level Annotations

Branches:
Dungeon (15/15)            Temple (0/1) D:7            Lair (6/6) D:8
 Shoals (0/4) Lair:3       Spider (0/4) Lair:2        Slime (0/5) Lair:6
    Orc (2/2) D:10            Elf (3/3) Orc:2        Vaults (0/5) D:14
 Depths (0/4) D:15         WizLab (1/1)

Altars:
Ashenzari
Dithmenos
Hepliaklqana
Kikubaaqudgha
Makhleb
Okawaru
Qazlal
Trog
Xom
Beogh
Jiyva

Shops:
Orc:1 (   Orc:2 :!:!   Elf:2 *   Elf:3 (

Annotations:
Elf:2 2 runed translucent doors


Innate Abilities, Weirdness & Mutations

You cannot be hasted, slowed, berserked, paralysed or teleported.
You can dig through walls and to a lower floor.
You have a pair of large antennae on your head. (SInv)
Your four strong arms can wield two-handed weapons with a shield.


Message History

You slice the halazid warlock!!
You destroy the halazid warlock!
Makhleb accepts your kill.
You closely miss the spectral quicksilver dragon.
You block the spectral quicksilver dragon's attack. x2
A phantasmal warrior comes into view.
You hit the spectral quicksilver dragon.
The spectral quicksilver dragon is almost destroyed.
The spectral quicksilver dragon bites you but does no damage.
The spectral quicksilver dragon claws you but does no damage.
You hit the spectral quicksilver dragon.
The spectral quicksilver dragon is almost destroyed.
The spectral quicksilver dragon bites you but does no damage.
The spectral quicksilver dragon barely misses you.
You carve the spectral quicksilver dragon like a ham!!!
You destroy the spectral quicksilver dragon!
Makhleb accepts your kill.
You feel better.
A lost soul coalesces out of thin air!
A halazid warlock comes into view.
Your Armour skill increases to level 12!
Your Stealth skill increases to level 11!
A halazid warlock comes into view.
The halazid warlock shouts! x2
You hit the phantasmal warrior.
The phantasmal warrior is lightly damaged.
You slice the phantasmal warrior!!
The phantasmal warrior is heavily damaged.
The phantasmal warrior completely misses you.
You slash the phantasmal warrior!
The phantasmal warrior is heavily damaged.
The halazid warlock gestures at the phantasmal warrior while chanting.
The phantasmal warrior's animating energy erupts into ghostly fire!
The ghostly flame explodes!
The ghostly fireball engulfs you!!!
You feel drained.
* * * LOW HITPOINT WARNING * * *
You hear a chilling moan.
The halazid warlock points at you and mumbles some strange words.
The bolt of cold hits you! You resist.
You die...

#..#...###.#.###
#..#..###..#... # .#
#..#...#...#.## ..#..#
#).##...#..{..# ..# L.#
#...#..##..#..##..#...#
....##....###....##..#
##...##...# #...##...#
.##...##..# #..##...#
..##...##{#{#.##@..##...
..........# #......L...#
#.........# #.........##
##.......## ##....#..##
##.#...## {##...#.##
###..## {##..# # ...#
#...# ...# {#...# #...#
#...#


You could see 2 halazid warlocks.

Vanquished Creatures
  Rupert (D:14)
  An ancient champion (WizLab)
  Gastronok (D:8)
  5 revenants (WizLab)
  A spectral caustic shrike (WizLab)
  3 caustic shrike zombies (WizLab)
  A stone giant (D:15)
  2 deep elf demonologists (Elf:1)
  Nessos (D:15)
  2 halazid warlocks (WizLab)
  A deep elf annihilator (Elf:2)
  2 spectral titans (WizLab)
  An eidolon (WizLab)
  The ghost of Etunu the Severer, a journeyman GrFi of the Shining One (Lair:6)
  A spectral quicksilver dragon (WizLab)
  A fire dragon (Lair:6)
  A deep elf high priest (Elf:1)
  5 jiangshi (WizLab)
  8 hydras
  Josephine (Orc:1)
  A quicksilver dragon zombie (WizLab)
  Fannar (Lair:3)
  2 boulder beetles (Lair:6)
  5 centaur warriors
  A two-headed ogre (shapeshifter) (Elf:1)
  A death knight (D:14)
  An ogre mage (D:15)
  6 two-headed ogres
  17 dancing weapons
  An orc high priest (Elf:1)
  4 tengu warriors (D:15)
  Sonja (D:13)
  9 deep elf knights
  A spectral death yak (Lair:6)
  13 skeletal warriors
  A swamp dragon (Lair:6)
  2 phantasmal warriors (WizLab)
  16 orc knights
  2 wolf spider zombies (WizLab)
  11 deep elf archers
  27 deep elf zephyrmancers
  24 deep elf pyromancers
  9 ugly things (D:15)
  4 orc sorcerers
  7 cyclopes
  2 spectral spriggans (WizLab)
  5 manticores
  18 elephants
  Maurice (D:11)
  5 black mambas
  An efreet (D:15)
  3 rime drakes
  10 cane toads
  A freezing wraith (D:14)
  2 kobold demonologists
  3 unseen horrors
  11 komodo dragons
  2 tengu conjurers (D:15)
  A meliai (Lair:2)
  4 trolls
  A harpy zombie (WizLab)
  11 polar bears
  2 hornets (D:7)
  8 raiju (Lair:6)
  A wind drake (Lair:3)
  6 slime creatures
  7 blink frogs (Lair:3)
  A raiju (shapeshifter) (D:14)
  A spectral black mamba (Lair:6)
  A spriggan zombie (WizLab)
  6 air elementals
  9 flying skulls (WizLab)
  A centaur simulacrum (D:14)
  5 wraiths
  3 shadows
  3 water elementals
  16 humans
  A vampire (D:10)
  3 basilisks
  36 yaks
  A steam dragon (D:8)
  2 wyverns
  3 fire elementals (Elf:1)
  3 death yak simulacra (Lair:6)
  Menkaure (D:4)
  2 acid dragons
  13 wargs
  11 vampire mosquitoes
  11 water moccasins
  9 hell hounds (Lair:6)
  A floating eye (Elf:1)
  An ice beast (D:5)
  50 orc warriors
  13 black bears
  2 necrophages (D:8)
  4 swamp drakes
  7 ogres
  48 wolves
  An ogre (shapeshifter) (D:14)
  8 centaurs
  5 kobold brigands
  16 bullfrogs
  2 gnoll sergeants
  2 wyvern zombies (D:8)
  An earth elemental (Elf:1)
  A cane toad simulacrum (Lair:6)
  2 scorpions
  A water moccasin zombie (D:5)
  A dream sheep simulacrum (Lair:6)
  15 killer bees
  13 wights
  3 electric eels
  A torpor snail simulacrum (Lair:6)
  4 centaur zombies
  5 howler monkeys
  A jelly (D:6)
  A bullfrog zombie (D:5)
  2 hounds (D:7)
  14 orc priests
  A centaur skeleton (D:5)
  A gnoll shaman (D:7)
  14 iguanas
  17 orc wizards
  A killer bee zombie (D:4)
  23 gnolls
  3 adders
  A gnoll (shapeshifter) (D:13)
  A shadow imp (D:6)
  A white imp (D:6)
  4 dart slugs
  91 orcs
  A ball python (shapeshifter) (D:13)
  5 bats
  10 endoplasms
  5 giant cockroaches
  13 goblins
  9 hobgoblins
  3 jackals (D:1)
  2 quokkas
  6 ball pythons
  3 frilled lizards (D:1)
  33 kobolds
  A quokka skeleton (D:4)
  7 rats
935 creatures vanquished.

Vanquished Creatures (collateral kills)
  A flying skull (WizLab)
1 creature vanquished.

Vanquished Creatures (others)
  A deep elf zephyrmancer (Elf:2)
  A deep elf pyromancer (Elf:1)
  2 phantasmal warriors (WizLab)
  A komodo dragon (Lair:6)
  A water elemental (Elf:1)
  A floating eye (Elf:1)
  An orc priest (D:10)
  19 fungi
  45 plants
  2 withered plants (D:8)
74 creatures vanquished.

Grand Total: 1010 creatures vanquished

Notes
Turn   | Place    | Note
-------+----------+-------------------------------------------
     0 | D:1      | AlmostDecent the Formicid Fighter began the quest for the
                  | Orb.
     0 | D:1      | Reached XP level 1. HP: 18/18 MP: 1/1
   330 | D:1      | Reached XP level 2. HP: 24/24 MP: 2/2
   621 | D:1      | Reached XP level 3. HP: 10/29 MP: 3/3
  1372 | D:2      | Found a shimmering altar of Xom.
  1607 | D:2      | Reached XP level 4. HP: 37/37 MP: 4/4
  1607 | D:2      | Found the +7 Kryia's mail coat {PotionHeal*2 rC+}
  1765 | D:2      | Found a faded altar of an unknown god.
  1850 | D:2      | Reached skill level 1 in Dodging
  2258 | D:3      | Reached XP level 5. HP: 42/42 MP: 5/5
  2352 | D:3      | Found a burning altar of Makhleb.
  2366 | D:3      | Reached skill level 4 in Fighting
  2400 | D:3      | Became a worshipper of Makhleb the Destroyer
  2808 | D:4      | Reached XP level 6. HP: 43/48 MP: 6/6
  2835 | D:4      | Noticed an ogre
  2836 | D:4      | Found a stormy altar of Qazlal.
  2849 | D:4      | Killed an ogre
  2850 | D:4      | Reached skill level 5 in Axes
  3000 | D:4      | Noticed Menkaure
  3003 | D:4      | Noticed a black bear
  3005 | D:4      | Killed Menkaure
  3006 | D:4      | Reached XP level 7. HP: 38/54 MP: 7/7
  3677 | D:5      | Entered Level 5 of the Dungeon
  3838 | D:5      | Reached XP level 8. HP: 56/61 MP: 8/8
  3838 | D:5      | Identified 4 scrolls of acquirement
  3838 | D:5      | Acquired the +3 pair of seven-league boots {Rampage+∞}
  3838 | D:5      | Found the +3 pair of seven-league boots {Rampage+∞}
  4204 | D:5      | Found an ancient bone altar of Kikubaaqudgha.
  4235 | D:5      | Found a hazy altar of Hepliaklqana.
  4524 | D:6      | Reached * piety under Makhleb
  4543 | D:6      | You fall into a shaft and drop 2 floors!
  4551 | D:8      | Reached skill level 5 in Fighting
  4802 | D:7      | Reached XP level 9. HP: 27/68 MP: 9/9
  5015 | D:7      | Noticed a hornet
  5041 | D:7      | Killed a hornet
  5042 | D:7      | Reached skill level 10 in Axes
  5042 | D:7      | Reached skill level 1 in Stealth
  5181 | D:7      | Acquired a manual of Fighting
  5183 | D:7      | Acquired the +9 executioner's axe of Grandeur {pain, Dex+5}
  5187 | D:7      | Noticed a hornet
  5191 | D:7      | Killed a hornet
  5195 | D:7      | Found a staircase to the Ecumenical Temple.
  5302 | D:7      | Noticed a manticore
  5307 | D:7      | Killed a manticore
  5308 | D:7      | Reached skill level 1 in Necromancy
  5310 | D:7      | Reached skill level 6 in Fighting
  5400 | D:7      | Reached ** piety under Makhleb
  5659 | D:8      | Found a broken altar of Ashenzari.
  5670 | D:8      | Reached XP level 10. HP: 76/76 MP: 10/10
  5684 | D:8      | Found a shimmering altar of Xom.
  5759 | D:8      | Noticed Gastronok
  5772 | D:8      | Killed Gastronok
  5773 | D:8      | Reached skill level 7 in Fighting
  6403 | D:8      | Found a staircase to the Lair.
  7031 | D:9      | Reached XP level 11. HP: 70/84 MP: 11/11
  7182 | D:9      | Reached *** piety under Makhleb
  7274 | D:9      | Identified the +0 scale mail of Jipp {Str+2 Dex+3}
  7549 | D:9      | Acquired a scarf of resistance
  7851 | D:10     | Entered Level 10 of the Dungeon
  7887 | D:10     | Found a staircase to the Orcish Mines.
  7913 | D:10     | Reached skill level 8 in Fighting
  8293 | D:10     | Noticed a centaur warrior
  8301 | D:10     | Killed a centaur warrior
  8378 | D:10     | Acquired the +8 mithril axe "Arga" {speed, Will+}
  8378 | D:10     | Found the +8 mithril axe "Arga" {speed, Will+}
  8490 | D:10     | Reached skill level 15 in Axes
  8494 | D:10     | Reached **** piety under Makhleb
  9167 | D:6      | Found a shadowy altar of Dithmenos.
 10086 | D:11     | Noticed a manticore
 10095 | D:11     | Killed a manticore
 10347 | D:11     | Reached skill level 5 in Necromancy
 10378 | D:11     | Noticed a cyclops
 10385 | D:11     | Killed a cyclops
 10589 | D:11     | Noticed a manticore
 10596 | D:11     | Killed a manticore
 10597 | D:11     | Noticed a manticore
 10600 | D:11     | Killed a manticore
 10601 | D:11     | Reached XP level 12. HP: 80/94 MP: 12/12
 10611 | D:11     | Identified the +1 helmet "Salosm" {Rampage rCorr Int+5
                  | Dex+2}
 10688 | D:11     | Noticed Maurice
 10695 | D:11     | Killed Maurice
 10696 | D:11     | Reached skill level 9 in Fighting
 10729 | D:11     | Noticed a two-headed ogre
 10736 | D:11     | Killed a two-headed ogre
 11310 | D:12     | Noticed a two-headed ogre
 11325 | D:12     | Killed a two-headed ogre
 11483 | D:12     | Identified the +1 leather armour of the Gloaming {rF-
                  | Regen+ Int+4 Slay+2}
 11535 | D:12     | Noticed a seven-headed hydra
 11547 | D:12     | Killed a seven-headed hydra
 11777 | D:12     | Reached skill level 10 in Fighting
 11902 | D:12     | Found a bloodstained altar of Trog.
 12099 | D:12     | Reached ***** piety under Makhleb
 12100 | D:12     | Reached skill level 1 in Maces & Flails
 12390 | D:13     | Noticed a five-headed hydra
 12403 | D:13     | Killed a six-headed hydra
 12726 | D:13     | Noticed a skeletal warrior
 12767 | D:13     | Killed a skeletal warrior
 12933 | D:13     | Found a shimmering altar of Xom.
 12933 | D:13     | Found a shimmering altar of Xom.
 12933 | D:13     | Found a shimmering altar of Xom.
 12934 | D:13     | Found a shimmering altar of Xom.
 12935 | D:13     | Found a shimmering altar of Xom.
 12936 | D:13     | Found a shimmering altar of Xom.
 12936 | D:13     | Found a shimmering altar of Xom.
 12936 | D:13     | Found a shimmering altar of Xom.
 12936 | D:13     | Found a shimmering altar of Xom.
 13023 | D:13     | Reached XP level 13. HP: 98/102 MP: 13/13
 13167 | D:13     | Noticed Sonja
 13176 | D:13     | Killed Sonja
 13177 | D:13     | Reached skill level 11 in Fighting
 13366 | D:13     | Noticed a seven-headed hydra
 13371 | D:13     | Killed a seven-headed hydra
 13555 | D:13     | Noticed a five-headed hydra
 13563 | D:13     | Killed a five-headed hydra
 13564 | D:13     | Reached skill level 12 in Fighting
 13818 | Orc:1    | Entered Level 1 of the Orcish Mines
 13916 | Orc:1    | Noticed Josephine
 13930 | Orc:1    | Killed Josephine
 14043 | Orc:1    | Found Eblatig's Antique Weapon Shop.
 14073 | Orc:1    | Reached skill level 13 in Fighting
 14524 | Orc:2    | Entered Level 2 of the Orcish Mines
 14534 | Orc:2    | Reached ****** piety under Makhleb
 14535 | Orc:2    | Reached skill level 14 in Fighting
 14552 | Orc:2    | Found a staircase to the Elven Halls.
 14555 | Orc:1    | Found an iron altar of Okawaru.
 14637 | Orc:1    | Reached skill level 15 in Fighting
 15067 | Orc:2    | Found Kudwu's Book Shop.
 15105 | Orc:2    | Reached XP level 14. HP: 120/122 MP: 14/14
 15286 | Orc:2    | Reached skill level 16 in Fighting
 15317 | Orc:2    | Reached skill level 5 in Armour
 15538 | Orc:2    | Found Yvynwapifa's Distillery.
 15544 | Orc:2    | Bought 2 potions of heal wounds for 120 gold pieces
 15544 | Orc:2    | Bought a potion of heal wounds for 60 gold pieces
 15544 | Orc:2    | Bought a potion of heal wounds for 60 gold pieces
 15674 | Orc:2    | Reached skill level 5 in Shields
 15690 | Orc:2    | Found Sodosef's Distillery.
 15690 | Orc:2    | Found Viusaw's Book Shop.
 15965 | Orc:2    | Bought a potion of heal wounds for 80 gold pieces
 16619 | Lair:1   | Entered Level 1 of the Lair of Beasts
 17448 | Lair:2   | Reached skill level 17 in Fighting
 17495 | Lair:2   | Found a hole to the Spider Nest.
 17615 | Lair:2   | Identified the +1 leather armour of Midwinter {rN+++ Str+5
                  | Int-3 Stlth-}
 18104 | Lair:3   | Noticed Fannar
 18119 | Lair:3   | Killed Fannar
 18375 | Lair:3   | Found a staircase to the Shoals.
 18390 | Lair:3   | Reached skill level 5 in Maces & Flails
 19259 | Lair:4   | Reached skill level 18 in Fighting
 19263 | Lair:4   | Reached XP level 15. HP: 136/136 MP: 15/15
 20154 | Lair:5   | Acquired the +13 shadow dragon scales "Wuqiotty" {+Inv
                  | Int+4 Stlth++++}
 21139 | Lair:6   | Entered Level 6 of the Lair of Beasts
 21641 | Lair:6   | Reached skill level 19 in Fighting
 21935 | Lair:6   | Reached skill level 5 in Stealth
 22272 | Lair:6   | Found a runed translucent gate.
 22273 | Lair:6   | Found a runed translucent gate.
 22274 | Lair:6   | Found a runed translucent gate.
 22278 | Lair:6   | Noticed Etunu's ghost (journeyman GrFi)
 22315 | Lair:6   | Killed Etunu's ghost
 22321 | Lair:6   | Reached XP level 16. HP: 126/148 MP: 16/16
 22436 | Lair:6   | Found a viscous altar of Jiyva.
 22436 | Lair:6   | Found a staircase to the Slime Pits.
 22764 | Lair:6   | Reached skill level 20 in Fighting
 23181 | D:14     | Noticed Rupert
 23181 | D:14     | Found a gate to the Vaults.
 23827 | D:14     | Killed Rupert
 23997 | D:15     | Entered Level 15 of the Dungeon
 24079 | D:15     | Identified the +8 ring mail "Qaran" {Str+2}
 24522 | D:15     | Reached skill level 21 in Fighting
 24730 | D:15     | Noticed Nessos
 24749 | D:15     | Killed Nessos
 24810 | D:15     | Found a staircase to the Depths.
 25024 | Elf:1    | Entered Level 1 of the Elven Halls
 25042 | Elf:1    | Reached XP level 17. HP: 158/158 MP: 17/17
 25081 | Elf:1    | Reached skill level 10 in Armour
 25274 | Elf:1    | Acquired a manual of Dodging
 25315 | Elf:1    | Reached skill level 22 in Fighting
 26183 | Elf:2    | Identified the +10 hunting sling of the Onslaught {flame,
                  | Fragile rC++ Str+4}
 26394 | Elf:2    | Found a runed translucent door.
 26419 | Elf:2    | Found a runed translucent door.
 26508 | Elf:2    | Reached skill level 23 in Fighting
 26508 | Elf:2    | Found Eipp's Eclectic Emporium.
 26513 | Elf:2    | Reached XP level 18. HP: 171/171 MP: 18/18
 26535 | Elf:2    | Reached skill level 10 in Stealth
 26595 | Elf:2    | Bought a potion of experience for 650 gold pieces
 26595 | Elf:2    | Reached XP level 19. HP: 178/178 MP: 18/20
 27070 | Elf:3    | Entered Level 3 of the Elven Halls
 27161 | Elf:3    | Found Suimearghaq's Weapon Shoppe.
 27191 | Elf:3    | Found a magical portal.
 27197 | WizLab   | Entered Borgnjor's Mausoleum
 27608 | WizLab   | Reached skill level 24 in Fighting
 27621 | WizLab   | HP: 7/142 [halazid warlock/ghostly fireball (68)]
 27622 | WizLab   | Killed from afar by a halazid warlock

Illustrated notes

Levels and vault maps discovered:
D:1:      erik_arrival_blinker_ship, layout_basic
D:2:      layout_basic, basic_altar, basic_ecumenical_altar
D:3:      layout_basic, mainiacjoe_overflow_tiny_flanked
D:4:      layout_basic, mainiacjoe_overflow_surrounded_room, uniq_menkaure
D:5:      layout_basic, kiku_gazebo_garden_becter,
          worldfamousw_hep_ancestral_shrine, serial_glass, glass_columns_a,
          glass_columns_b, glass_columns_a, glass_columns_b, glass_columns_a,
          glass_columns_a
D:6:      layout_cave_pods, nicolae_dithmenos_the_darkroom, grunt_decor_cap,
          serial_bayou_crossing
D:7:      layout_cave_pools, minmay_temple_entry_large_hall
D:8:      layout_gridville, mainiacjoe_overflow_catch_the_wave,
          nicolae_overflow_hidden_temple, lair_entry_dummy, enter_bailey_3,
          serial_undead, serial_undead_a, serial_undead_d, serial_undead_f,
          serial_undead_b, uniq_gastronok
D:9:      layout_long_grid, serial_glass, glass_columns_a, glass_columns_b
D:10:     layout_loops_ring, erik_orc_1
D:11:     layout_basic, uniq_maurice
D:12:     layout_cave_pods, trog_hazing_becter
D:13:     layout_irregular_city, xom_shifter_show, uniq_sonja
D:14:     layout_roguey, david_vaults_3, serial_bayou_pond_e
D:15:     grunt_enter_depths_snipers, layout_basic, minivault_14, uniq_nessos
Lair:1:   layout_loops_ring, chequers_serial_rivers_micro_a
Lair:2:   layout_chaotic_city, hellmonk_spider_entry_not_the_bees
Lair:3:   layout_gridlike, minmay_shoals_entry_beasts, beast_lair_carwin_7,
          lemuel_fruit_tree, grunt_megastairs_4, uniq_fannar
Lair:4:   layout_gridlike, serial_rivers, chequers_serial_rivers_room_b,
          chequers_serial_rivers_micro_a, chequers_serial_rivers_micro_b,
          chequers_serial_rivers_micro_e, beast_lair_carwin_4,
          infiniplex_staircase_pool_2, serial_bayou_shore_a
Lair:5:   layout_layer_cave
Lair:6:   guppyfry_lair_end_dragon, layout_concentric_octagons,
          hangedman_lair_caniforms_friends, slime_altar_1,
          gammafunk_ghost_necromancy, grunt_forest_large_clearings
Orc:1:    cheibrodos_orc_arena, layout_caves, special_room [special_room_orc],
          serial_shops, nicolae_diamond_shop, okawaru_metal_pillars_3,
          uniq_josephine
Orc:2:    st_orc_town, layout_diamond_mine, special_room,
          dreamdust_deal_with_the_devil
Elf:1:    nicolae_elf_arrival_aired_out, layout_gridlike, serial_sigils,
          serial_sigils_hangedman_gut, serial_sigils_hangedman_scar,
          serial_sigils_hangedman_leer, serial_sigils_hangedman_confine,
          hangedman_elf_represent, onia_ninara_cookie
Elf:2:    nicolae_elf_blades_splatter_lattice
          [nicolae_blade_entry_splitting_headache], layout_geoelf_diagonals,
          roderic_roman_lattice, nicolae_alphabet_shops
Elf:3:    minmay_elf_hall_hex, layout_geoelf_castle, serial_aquarium,
          aquarium_bridge_long_separate [aquarium_subvault_balcony,
          aquarium_subvault_bridge, aquarium_subvault_window,
          aquarium_subvault_wall, aquarium_subvault_wall,
          aquarium_subvault_bridge], aquarium_window_2, aquarium_window_1,
          aquarium_window_fake, aquarium_view_2e, aquarium_view_2d,
          mu_enter_wizlab_6, serial_shops, nicolae_shop_bloodbath_and_beyond,
          amethyst_killhole
WizLab:   wizlab_borgnjor

Skill      XL: |  1  2  3  4  5  6  7  8  9 10 11 12 13 14 15 16 17 18 19 |
---------------+----------------------------------------------------------+-----
Shields        | 4 5 6 7 8 |  8.8
Dodging        | 1 2 3 4 6 |  6.8
Axes           | 3 4 5 7 9 11 13 15 17 18 | 18.1
Fighting       | 4 5 6 7 8 10 15 18 19 21 23 24 | 24.0
Armour         | 4 7 8 9 11 12 | 12.0
Stealth        | 1 2 5 8 9 10 11 | 11.0
Necromancy     | 1 3 5 6 |  6.4
Maces & Flails | 2 4 5 |  5.9
Invocations    | 2 |  2.5

Action                   |  1- 3 |  4- 6 |  7- 9 | 10-12 | 13-15 | 16-18 | 19-21 || total
-------------------------+-------+-------+-------+-------+-------+-------+-------++-------
Melee: War axe           |    89 |    88 |   180 |       |       |       |       ||   357
       Executioner's axe |       |       |    25 |   199 |       |       |       ||   224
       Broad axe         |       |       |       |   183 |  1071 |   729 |   259 ||  2242
       Morningstar       |       |       |       |    30 |    46 |     8 |       ||    84
 Abil: Dig               |       |       |       |     2 |     1 |     2 |     1 ||     6
  Use: Potion            |       |     1 |     1 |       |     8 |    11 |     7 ||    28
       Scroll            |       |       |     3 |     9 |    13 |     4 |     2 ||    31
 Stab: Sleeping          |       |       |       |       |     1 |    13 |       ||    14
       Distracted        |       |       |       |       |     1 |       |       ||     1
Armor: Scale mail        |    39 |    41 |   137 |   211 |   186 |       |       ||   614
       Shadow dragon sca |       |       |       |       |   154 |   258 |   186 ||   598
Dodge: Dodged            |    53 |    31 |   101 |   161 |   250 |   134 |    86 ||   816
Block: Buckler           |    23 |    17 |    57 |    82 |   133 |    93 |    49 ||   454
